 Dungeon Crawl Stone Soup version 0.25.1-1-g288607f (webtiles) character file.

Game seed: 127671756624306922

14781 robertstho the Cleaver (level 11, -3/104 HPs)
             Began as a Deep Dwarf Fighter on July 27, 2020.
             Was a Priest of Makhleb.
             Killed from afar by an ice dragon (59 damage)
             ... with a blast of cold
             ... on level 2 of the Lair of Beasts.
             The game lasted 00:19:41 (7751 turns).

robertstho the Cleaver (Deep Dwarf Fighter)         Turns: 7751, Time: 00:19:42

Health: -3/104     AC: 19    Str: 29    XL:     11   Next: 93%
Magic:  8/8        EV: 14    Int:  9    God:    Makhleb [***...]
Gold:   211        SH: 11    Dex: 17    Spells: 10/10 levels left

rFire    . . .     SeeInvis .   M - +3 flail "Pendulum" {freeze, Str+2}
rCold    . . .     Gourm    .   c - +0 kite shield
rNeg     + . .     Faith    .   J - +9 ring mail "Ykacher" {MR- Str+4 Dex+2 Slay+2}
rPois    .         Spirit   .   K - +0 helmet (curse)
rElec    .         Reflect  .   a - scarf {+Inv}
rCorr    .         Harm     .   n - +0 pair of gloves
MR       .....                  (no boots)
Stlth    ..........             (no amulet)
HPRegen  0.00/turn              A - ring of positive energy
MPRegen  0.11/turn              g - ring "Powuq" {Dex+3 Stlth-}

@: non-regenerating
A: damage resistance, heal wounds, sense surroundings 2, no regeneration
a: Heal Wounds, Minor Destruction, Lesser Servant of Makhleb, Renounce Religion,
Evoke Invisibility


You were on level 2 of the Lair of Beasts.
You worshipped Makhleb.
Makhleb was most pleased with you.
You were not hungry.

You visited 3 branches of the dungeon, and saw 12 of its levels.

You collected 617 gold pieces.
You spent 406 gold pieces at shops.

Inventory:

Hand Weapons
 q - a +0 broad axe
 M - the +3 flail "Pendulum" (weapon) {freeze, Str+2}
   (You took it off an orc wizard on level 9 of the Dungeon)

   It has been specially enchanted to freeze those struck by it, causing extra
   injury to most foes and up to half again as much damage against particularly
   susceptible opponents.
   It can also slow down cold-blooded creatures.
   It affects your strength (+2).
Missiles
 o - a throwing net (quivered)
Armour
 a - a scarf of invisibility (worn)
 c - a +0 kite shield (worn)
 n - a +0 pair of gloves (worn)
 I - a +1 leather armour of poison resistance
 J - the +9 ring mail "Ykacher" (worn) {MR- Str+4 Dex+2 Slay+2}
   (You bought it in a shop on level 8 of the Dungeon)

   It affects your strength (+4).
   It affects your dexterity (+2).
   It affects your accuracy and damage with ranged weapons and melee attacks
   (+2).
   It affects your resistance to hostile enchantments.
 K - a cursed +0 helmet (worn)
Jewellery
 g - the ring "Powuq" (right hand) {Dex+3 Stlth-}
   (You found it on level 4 of the Dungeon)

   [ring of attention]

   It affects your dexterity (+3).
   It makes you less stealthy.
 A - a ring of positive energy (left hand)
 B - an uncursed ring of flight
Wands
 p - a wand of digging (11)
 y - a wand of polymorph (12)
 D - a wand of disintegration (22)
 F - a wand of clouds (4)
 G - a wand of acid (9)
Scrolls
 d - 3 scrolls of fog
 e - 5 scrolls of teleportation
 h - 2 scrolls of fear
 i - 7 scrolls of remove curse {unknown}
 l - 4 scrolls of enchant weapon {unknown}
 m - 2 scrolls of random uselessness {unknown}
 t - 3 scrolls of magic mapping {unknown}
 u - 4 scrolls of blinking {unknown}
 w - a scroll of enchant armour {unknown}
 C - 2 scrolls of amnesia {unknown}
 E - 2 scrolls of immolation
Potions
 b - a potion of berserk rage {unknown}
 j - 2 potions of magic
 k - a potion of might
 r - a potion of heal wounds
 v - a potion of mutation
 x - 2 potions of curing
 z - 2 potions of flight
 H - a potion of invisibility {unknown}
 L - 2 potions of lignification {unknown}
 N - a potion of stabbing
Comestibles
 f - 18 rations
 s - 3 chunks of flesh


   Skills:
 + Level 8.4 Fighting
 + Level 12.4 Axes
 * Level 10.0 Armour
 + Level 7.4 Dodging
 - Level 0.1 Stealth
 - Level 5.4 Shields
 * Level 8.3 Invocations


You had 10 spell levels left.
You didn't know any spells.
Your spell library contained the following spells:

 Spells                   Type           Power        Failure   Level  Hunger
 Foxfire                  Conj/Fire      #...         88%         1    ##.....
 Magic Dart               Conj           #...         88%         1    ##.....
 Blink                    Tloc           N/A          96%         2    ###....
 Searing Ray              Conj           #.....       96%         2    ###....
 Shroud of Golubria       Chrm/Tloc      #.....       96%         2    ###....
 Conjure Flame            Conj/Fire      #.......     99%         3    ####...
 Dazzling Flash           Conj/Hex       #.....       99%         3    ####...
 Gell's Gravitas          Tloc           #.........   99%         3    ####...
 Lesser Beckoning         Tloc           #.........   99%         3    ####...
 Stone Arrow              Conj/Erth      #.....       99%         3    ####...
 Teleport Other           Tloc           #.......     99%         3    ####...
 Fulminant Prism          Conj/Hex       #.........   100%        4    #####..
 Ice Form                 Ice/Tmut       #.......     100%        4    #####..
 Iskenderun's Mystic Bla  Conj/Tloc      #.......     100%        4    #####..
 Passage of Golubria      Tloc           N/A          100%        4    #####..
 Bolt of Magma            Conj/Fire/Erth #.........   100%        5    ######.
 Iskenderun's Battlesphe  Conj/Chrm      #.......     100%        5    ######.
 Iron Shot                Conj/Erth      #.........   100%        6    #######
 Orb of Destruction       Conj           #.........   100%        7    #######
 Spellforged Servitor     Conj/Summ      #.........   100%        7    #######


Dungeon Overview and Level Annotations

Branches:
Dungeon (9/15)             Temple (1/1) D:6            Lair (2/6) D:8
  Swamp: Lair:2-4    Shoals: Lair:2-4     Snake: Lair:2-4    Spider: Lair:2-4
    Orc: D:9-12

Altars:
Dithmenos
Gozag
Hepliaklqana
Kikubaaqudgha
Makhleb
Nemelex Xobeh
Ru
Trog
Vehumet
Wu Jian
Xom

Shops:
D:4 *   D:8 ??[

Annotations:
D:4 1 runed translucent door, WaxSun's ghost, novice MiBe
D:8 scroll shop X 2


Innate Abilities, Weirdness & Mutations

You are resistant to damage.
You can heal yourself by infusing magical energy.
You passively map the area around you.
You do not regenerate.


Message History

You block the ice dragon's attack. The ice dragon barely misses you.
The ice dragon tramples you but does no damage.
The crocodile misses you.
You hit the ice dragon.
The ice dragon is moderately wounded.
The ice dragon bites you but does no damage.
The ice dragon claws you! The ice dragon barely misses you.
The crocodile misses you.
You closely miss the ice dragon.
The ice dragon is moderately wounded.
The ice dragon bites you but does no damage.
The ice dragon barely misses you. The ice dragon tramples you!
You stumble backwards!
You sock the ice dragon!
The ice dragon is moderately wounded.
The crocodile bites you but does no damage.
The ice dragon breathes frost at you. The blast of cold hits you!!!
Ouch! That really hurt!
You die...

** * ##########.## ###
#.## ≈≈≈# #... * ≈≈≈≈≈
#### ≈≈≈≈≈###### ##
≈≈≈≈≈≈≈...#### #. ≈
≈≈≈≈≈≈.......## ######. *
≈≈≈≈≈≈........#####......
*
≈≈≈≈≈≈;D@...........#####
* ≈$$≈≈≈≈t........#####
$$$..≈≈≈......###
$?....≈≈≈....## *
?....≈≈≈≈..###
*#####≈≈≈#### #####


You could see an ice dragon (catching breath), a crocodile and an electric eel.

Vanquished Creatures
  A hydra (Lair:1)
  A two-headed ogre (D:9)
  2 skeletal warriors (D:9)
  An ugly thing (D:9)
  A black mamba (Lair:1)
  5 elephants (Lair:2)
  A spiny frog (Lair:2)
  2 komodo dragons (Lair:2)
  3 hippogriffs
  2 shadows (D:9)
  4 flying skulls (D:9)
  2 wraiths (D:9)
  Sigmund (D:2)
  A hungry ghost (D:9)
  10 yaks (D:9)
  Eustachio (D:4)
  Menkaure (D:6)
  Duvessa (D:5)
  5 water moccasins
  2 porcupines (Lair:2)
  An ice beast (D:7)
  A sky beast (D:8)
  A black bear (D:6)
  3 orc warriors
  2 phantoms (D:8)
  4 ogres
  A centaur (D:9)
  3 crocodiles
  6 bullfrogs
  Dowan (D:5)
  2 gnoll sergeants (D:6)
  A water moccasin zombie (D:9)
  4 scorpions
  5 killer bees
  5 wights (D:9)
  4 howler monkeys
  3 electric eels (D:9)
  6 crimson imps
  A centaur zombie (D:9)
  2 hounds
  4 jellies
  7 orc priests
  3 bullfrog skeletons
  Jessica (D:2)
  An iguana (D:5)
  6 worker ants
  12 orc wizards
  3 hound zombies
  4 hound skeletons (D:9)
  3 worker ant zombies
  12 gnolls
  A howler monkey skeleton (D:4)
  A howler monkey zombie (D:8)
  12 adders
  A shadow imp (D:5)
  2 oozes (D:1)
  5 adder skeletons
  4 worms
  7 leopard geckos
  30 orcs
  10 giant cockroaches
  7 goblins
  10 hobgoblins
  6 jackals
  5 kobolds
  4 quokkas
  A ball python (D:1)
  A ball python skeleton (D:4)
  10 bats
  4 frilled lizards
  2 leopard gecko skeletons
  A leopard gecko zombie (D:7)
  2 quokka skeletons
  11 rats
296 creatures vanquished.

Vanquished Creatures (collateral kills)
  A wyvern (Lair:1)
  A bullfrog (Lair:1)
2 creatures vanquished.

Grand Total: 298 creatures vanquished

Notes
Turn   | Place    | Note
-------+----------+-------------------------------------------
     0 | D:1      | robertstho the Deep Dwarf Fighter began the quest for the
                  | Orb.
     0 | D:1      | Reached XP level 1. HP: 20/20 MP: 1/1
   108 | D:1      | Reached XP level 2. HP: 22/27 MP: 2/2
   245 | D:1      | Found a sparkling altar of Nemelex Xobeh.
   343 | D:1      | Reached XP level 3. HP: 23/34 MP: 3/3
   620 | D:2      | Noticed Jessica
   622 | D:2      | Noticed Sigmund
   629 | D:2      | Killed Sigmund
   629 | D:2      | Reached skill level 4 in Axes
   629 | D:2      | Reached skill level 1 in Dodging
   629 | D:2      | Reached XP level 4. HP: 23/42 MP: 4/4
   629 | D:2      | Reached XP level 5. HP: 27/49 MP: 5/5
   814 | D:2      | Killed Jessica
   814 | D:2      | Reached XP level 6. HP: 39/56 MP: 5/5
   867 | D:2      | Found a radiant altar of Vehumet.
  1967 | D:4      | Reached skill level 5 in Axes
  2120 | D:4      | Found an ancient bone altar of Kikubaaqudgha.
  2164 | D:4      | Reached XP level 7. HP: 32/62 MP: 6/6
  2183 | D:4      | Noticed Eustachio
  2200 | D:4      | Killed Eustachio
  2200 | D:4      | Reached skill level 6 in Axes
  2200 | D:4      | Reached skill level 5 in Armour
  2205 | D:4      | Found a runed translucent door.
  2215 | D:4      | Found an opulent altar of Gozag.
  2222 | D:4      | Found Gozag's Platinum Reserve.
  2359 | D:4      | Found a bloodstained altar of Trog.
  2385 | D:4      | Noticed WaxSun's ghost (novice MiBe)
  2408 | D:4      | Got a flickering marble ring
  2409 | D:4      | Identified the ring "Powuq" {Dex+3 Stlth-} (You found it on
                  | level 4 of the Dungeon)
  2499 | D:5      | Entered Level 5 of the Dungeon
  2606 | D:5      | Noticed Dowan
  2607 | D:5      | Noticed Duvessa
  2627 | D:5      | Killed Duvessa
  2630 | D:5      | Killed Dowan
  2630 | D:5      | Reached skill level 7 in Axes
  2700 | D:5      | Found an opulent altar of Gozag.
  2820 | D:5      | Reached XP level 8. HP: 52/72 MP: 6/6
  3078 | D:5      | Reached skill level 8 in Axes
  3272 | D:6      | Reached skill level 5 in Shields
  3371 | D:6      | Reached skill level 9 in Axes
  3465 | D:6      | Noticed Menkaure
  3472 | D:6      | Killed Menkaure
  3472 | D:6      | Gained mutation: You passively map the area around you.
                  | [Deep Dwarf growth]
  3472 | D:6      | Reached XP level 9. HP: 58/80 MP: 7/7
  3694 | D:6      | Found a staircase to the Ecumenical Temple.
  3706 | D:6      | Reached skill level 5 in Fighting
  3713 | Temple   | Entered the Ecumenical Temple
  3745 | Temple   | Became a worshipper of Makhleb the Destroyer
  3966 | D:6      | Reached skill level 1 in Invocations
  4178 | D:7      | Found a sacrificial altar of Ru.
  4846 | D:8      | Reached * piety under Makhleb
  4989 | D:8      | Reached skill level 10 in Axes
  4997 | D:8      | Found Hustycej's Antique Armour Shop.
  5000 | D:8      | Bought a transparent ring mail for 270 gold pieces
  5010 | D:8      | Identified the +9 ring mail "Ykacher" {MR- Str+4 Dex+2
                  | Slay+2} (You bought it in a shop on level 8 of the Dungeon)
  5108 | D:8      | Found Wifu's Magic Scroll Shop.
  5112 | D:8      | Bought a scroll of immolation for 38 gold pieces
  5112 | D:8      | Bought a scroll of fear for 38 gold pieces
  5274 | D:8      | Found Noerul's Magic Scroll Shoppe.
  5283 | D:8      | Bought a scroll of fog for 24 gold pieces
  5283 | D:8      | Bought a scroll of teleportation for 36 gold pieces
  5386 | D:8      | Found a staircase to the Lair.
  5452 | D:9      | Reached XP level 10. HP: 67/91 MP: 8/8
  5520 | D:9      | Found an ancient bone altar of Kikubaaqudgha.
  5585 | D:9      | Reached skill level 5 in Dodging
  5586 | D:9      | Reached skill level 11 in Axes
  5590 | D:9      | Reached ** piety under Makhleb
  5653 | D:9      | Noticed a skeletal warrior
  5655 | D:9      | Noticed a skeletal warrior
  5667 | D:9      | Reached skill level 5 in Invocations
  5695 | D:9      | Noticed a two-headed ogre
  5740 | D:9      | Killed a two-headed ogre
  5788 | D:9      | Identified the +3 flail "Pendulum" {freeze, Str+2}
  5822 | D:9      | Found an ornate altar of the Wu Jian Council.
  5937 | D:9      | Killed a skeletal warrior
  5937 | D:9      | Reached skill level 12 in Axes
  5948 | D:9      | Reached XP level 11. HP: 90/99 MP: 8/8
  5966 | D:9      | Killed a skeletal warrior
  6041 | D:9      | Reached *** piety under Makhleb
  6054 | D:9      | Identified Sif Muna's Tome of Mutagenic Conjuration
  6314 | D:9      | Noticed a white ugly thing
  6326 | D:9      | Killed a white ugly thing
  6456 | Lair:1   | Entered Level 1 of the Lair of Beasts
  6485 | Lair:1   | Noticed a six-headed hydra
  6494 | Lair:1   | Killed a six-headed hydra
  7422 | Lair:2   | Reached skill level 10 in Armour
  7742 | Lair:2   | Noticed an ice dragon
  7751 | Lair:2   | Killed from afar by an ice dragon

Illustrated notes

Levels and vault maps discovered:
D:1:      dpeg_arrival_court, layout_basic, hex_medium,
          nemelex_xobeh_ov_fountains_minmay
D:2:      minmay_inner_zag, layout_basic, nicolae_overflow_hidden_temple,
          uniq_sigmund, uniq_jessica
D:3:      layout_basic, first_ration
D:4:      layout_rooms, kennysheep_mini, lemuel_round_altar,
          ebering_ghost_reflecting_pool, chequers_decorated_corner,
          grunt_decor_clamped, nicolae_gozag_zags_fifth_avenue, uniq_eustachio
D:5:      layout_basic, overflow_temple_1_default, uniq_duvessa
D:6:      black_bear_nest_1, layout_rooms, minmay_temple_entry_proselytizer,
          uniq_menkaure
D:7:      layout_cave_pods, hangedman_ru_absence
D:8:      layout_basic, lair_entry_dummy, serial_shops, nicolae_shop_trees,
          shop, shop_statue
D:9:      hangedman_screamer, layout_basic, overflow_temple_1_default,
          basic_altar
Temple:   minmay_crystal_spiral_temple
Lair:1:   layout_roguey, nicolae_quartered_pool_medium,
          infiniplex_staircase_pool
Lair:2:   dragon1_lemuel, layout_regular_city, grunt_megastairs_4

Skill      XL: |  1  2  3  4  5  6  7  8  9 10 11 |
---------------+----------------------------------+-----
Fighting       | 3 4 5 6 8 |  8.4
Axes           | 4 5 7 9 10 12 | 12.4
Armour         | 4 5 6 7 8 10 | 10.0
Dodging        | 1 3 4 5 7 |  7.4
Shields        | 4 5 |  5.4
Invocations    | 4 6 8 |  8.3
Stealth        | |  0.1

Action                   |  1- 3 |  4- 6 |  7- 9 | 10-12 || total
-------------------------+-------+-------+-------+-------++-------
Melee: War axe           |    83 |   262 |   462 |   186 ||   993
       Flail             |       |       |       |   302 ||   302
Invok: Lesser Servant of |       |       |       |     2 ||     2
 Abil: Heal Wounds       |       |     4 |    16 |    18 ||    38
Evoke: Wand              |       |       |       |     2 ||     2
  Use: Potion            |       |     2 |     4 |       ||     6
       Scroll            |       |     6 |     3 |     2 ||    11
  Eat: Chunk             |       |     5 |    13 |    10 ||    28
Armor: Scale mail        |    30 |     3 |       |       ||    33
       Chain mail        |       |   154 |   249 |       ||   403
       Ring mail         |       |       |    20 |   166 ||   186
       Leather armour    |       |       |     1 |       ||     1
Dodge: Dodged            |    29 |    82 |   209 |   206 ||   526
Block: Kite shield       |    40 |   154 |   306 |   243 ||   743
